 Dungeon Crawl Stone Soup version 0.18-a0-1109-gfc003ac (webtiles) character file.

135 gorblad the Skirmisher (level 4, -1/38 HPs)
             Began as a Mummy Fighter on Jan 17, 2016.
             Slain by an orc
             ... wielding a +0 whip
              (3 damage)
             ... on level 3 of the Dungeon.
             The game lasted 00:05:26 (1773 turns).

gorblad the Skirmisher (Mummy Fighter)              Turns: 1773, Time: 00:05:26

Health: -1/38      AC: 12    Str: 20    XL:     4   Next: 96%
Magic:  4/4        EV:  3    Int:  7    God:
Gold:   218        SH:  8    Dex: 11    Spells: 0 memorised, 3 levels left

rFire  x . .     SeeInvis .     a - +0 long sword
rCold  + . .     Gourm    .     e - +0 plate armour
rNeg   + + +     Faith    .     c - +0 shield
rPois  ∞         Spirit   .     d - +0 helmet
rElec  .         Dismiss  .     (no cloak)
rCorr  .         Reflect  .     (no gloves)
SustAt .         Harm     .     (no boots)
MR     .....                    (no amulet)
Stlth  ..........               (no ring)
                                (no ring)

@: not resistant to hostile enchantments, extremely unstealthy
A: no food or potions, fire vulnerability, cold resistance 1, negative energy
resistance 3, torment resistance, unbreathing
a: no special abilities


You were on level 3 of the Dungeon.
You were not hungry.

You visited 1 branch of the dungeon, and saw 4 of its levels.

You collected 218 gold pieces.

Inventory:

Hand Weapons
 a - a +0 long sword (weapon)
Armour
 c - a +0 shield (worn)
 d - a +0 helmet (worn)
 e - a +0 plate armour (worn)
Scrolls
 b - 3 scrolls of identify
 g - a scroll of magic mapping


   Skills:
 * Level 4.6 Fighting
 * Level 3.1 Long Blades
 - Level 2.4 Armour
 - Level 2.4 Shields


You had 3 spell levels left.
You didn't know any spells.

Dungeon Overview and Level Annotations

Branches:
Dungeon (4/15)
 Temple: D:4-7

Altars:
Cheibriados
Yredelemnul
The Shining One


Innate Abilities, Weirdness & Mutations

You do not eat or drink.
Your flesh is vulnerable to fire.
You are immune to poison.
Your flesh is cold resistant.
You are immune to negative energy.
You are immune to unholy pain and torment.
You can survive without breathing.


Message History

The orc hits you but does no damage. The orc hits you with a whip.
* * * LOW HITPOINT WARNING * * *
You block the goblin's attack.
Read which item? (? for menu, Esc to quit)
As you read the scroll labeled RABLUR AHYSEL, it crumbles to dust.
It is a scroll of identify.
Identify which item? (\ to view known items) (? for menu, Esc to quit)
g - a scroll of magic mapping The orc hits you with a falchion.
* * * LOW HITPOINT WARNING * * *
You block the orc's attack. The goblin hits you but does no damage.
Read which item? (? for menu, Esc to quit)
As you read the scroll labeled OKABLI QIETH, it crumbles to dust.
It is a scroll of recharging.
You aren't carrying any rechargeable items.
You block the orc's attack. The orc hits you but does no damage.
The goblin hits you but does no damage. You block the orc's attack.
The orc hits you with a whip.
You die...

#...# ..#.......#
#...# #.#.......#
##+##
######.#........
#...##.#>......#
#...##.#...#####
######...##..........
#....+...+....#.#####
#.####...##.#........
#.oo@'...'!.#.#.#####
#..###...##.#.#.#
#..# #...##.#.#.#
#.g# #...##.#.#.#
#..# #...##.#.#.#
#..# #...##.#.#.#
#..# #...##.#.#..
#.)# ##### .#.# #.)#
#.#


You could see 2 orcs.

Vanquished Creatures
  2 orc wizards (D:3)
  4 adders
  2 giant geckos (D:1)
  4 orcs (D:3)
  4 giant cockroaches
  4 goblins
  4 hobgoblins
  4 jackals (D:1)
  5 kobolds
  A ball python (D:3)
  4 bats
  A giant newt (D:3)
  A rat (D:1)
40 creatures vanquished.

Vanquished Creatures (others)
  2 orcs (D:3)
2 creatures vanquished.

Grand Total: 42 creatures vanquished

Notes
Turn   | Place    | Note
--------------------------------------------------------------
     0 | D:1      | gorblad the Mummy Fighter began the quest for the Orb.
     0 | D:1      | Reached XP level 1. HP: 18/18 MP: 1/1
   139 | D:1      | Reached XP level 2. HP: 18/24 MP: 2/2
   817 | D:2      | Reached XP level 3. HP: 24/30 MP: 3/3
  1107 | D:2      | Reached skill level 4 in Fighting
  1334 | D:2      | You fall through a shaft for 2 floors!
  1379 | D:4      | Noticed an ogre
  1455 | D:3      | Reached XP level 4. HP: 30/37 MP: 4/4
  1519 | D:3      | Found a snail-covered altar of Cheibriados.
  1605 | D:3      | Found a basalt altar of Yredelemnul.
  1617 | D:3      | Noticed a profane servitor
  1634 | D:3      | Found a glowing golden altar of the Shining One.
  1765 | D:3      | HP: 1/38 [orc/falchion (1)]
  1773 | D:3      | Slain by an orc

Vault maps used:
D:1:      dpeg_arrival_erosion
D:3:      grunt_temple_overflow_holy_war, lemuel_coloured_pillars_altar,
          first_bread, wad_rectangle_vault
D:4:      grunt_temple_overflow_opulence, uniq_purgy

Action                   |  1- 3 |  4- 6 || total
-------------------------+-------+-------++-------
Melee: Long sword        |   125 |    64 ||   189
  Use: Scroll            |     1 |     2 ||     3
